 Dungeon Crawl Stone Soup version 0.16.2-12-gd0ad4c3 (webtiles) character file.

542126 Peloso the Swordmaster (level 25, -4/251 HPs)
             Began as a Minotaur Fighter on Nov 8, 2015.
             Was the Champion of Okawaru.
             Slain by an ettin zombie
             ... wielding a +0 great mace
             ... animated by Boris
              (24 damage)
             ... on level 5 of the Vaults.
             The game lasted 05:31:12 (64943 turns).

Peloso the Swordmaster (Minotaur Fighter)          Turns: 64943, Time: 05:31:12

Health: -4/251     AC: 47    Str: 28    XL:     25   Next: 29%
Magic:  18/18      EV: 21    Int:  3    God:    Okawaru [******]
Gold:   9375       SH: 26    Dex: 26    Spells: 0 memorised, 24 levels left

rFire  + + .     SeeInvis .     a - +9 double sword (protect)
rCold  + + .     Clarity  .     l - +15 Maxwell's patent armour {-Cast -Tele rElec MR+ rCorr}
rNeg   + + .     SustAb   .     h - -3 large shield of the Original Sin {rN+ Regen+}
rPois  +         Gourm    .     F - -2 hat of the Alchemist {rElec rPois rF+ rC+ rN+ MR+ rMut rCorr}
rElec  +         Spirit   .     s - +2 cloak {MR+}
rCorr  +         Warding  .     R - +2 pair of fencer's gloves {EV+3 Dex+6 Slay+2}
rMut   +         NoTele   +     S - +2 pair of boots "Egail" {rF+ Dex+2 Slay+2}
MR     +++++     NoCast   +     y - amulet of the Sky {rMut +Inv rC+ Dex+3}
Stlth  ..........               t - ring "Inopraych" {rPois MR+ Int-2 Slay+2}
                                u - ring of Scepticism {rPois MR+ Slay+2}

@: almost entirely resistant to hostile enchantments, extremely unstealthy
A: retaliatory headbutt, horns 2
a: Heroism, Finesse, Renounce Religion, Evoke Invisibility
}: 2/15 runes: serpentine, barnacled


You were on level 5 of the Vaults.
You worshipped Okawaru.
Okawaru was exalted by your worship.
You were hungry.

You visited 9 branches of the dungeon, and saw 51 of its levels.
You visited the Abyss 2 times.
You also visited: Labyrinth, Trove, Ossuary, Ice Cave and Volcano.

You collected 10972 gold pieces.
You spent 1597 gold pieces at shops.

Inventory:

Hand weapons
 a - a +9 double sword of protection (weapon)
 q - the +8 scimitar of Plaepp {freeze, +Fly rC+ rN+ Str+3 Dex-3}
   (Okawaru gifted it to you on level 2 of the Depths)

   It has been specially enchanted to freeze those struck by it, causing extra
   injury to most foes and up to half again as much damage against particularly
   susceptible opponents.
   It can also slow down cold-blooded creatures.
   It affects your strength (+3).
   It affects your dexterity (-3).
   It protects you from cold.
   It protects you from negative energy.
   It lets you fly.
 H - a +3 scimitar of flaming
Armour
 h - the -3 large shield of the Original Sin (worn) {rN+ Regen+}
   (Okawaru gifted it to you on level 1 of the Depths)

   It protects you from negative energy.
   It increases your rate of regeneration.
 l - the +15 Maxwell's patent armour (worn) {-Cast -Tele rElec MR+ rCorr}
   (You acquired it on level 3 of the Depths)

   It insulates you from electricity.
   It affects your resistance to hostile enchantments.
   It prevents spellcasting.
   It prevents most forms of teleportation.
   It protects you from acid and corrosion.
 s - a +2 cloak of magic resistance (worn)
 D - a +2 pair of boots of flying
 F - the -2 hat of the Alchemist (worn) {rElec rPois rF+ rC+ rN+ MR+ rMut rCorr}
   (You acquired it on level 5 of the Vaults)

   It protects you from fire.
   It protects you from cold.
   It insulates you from electricity.
   It protects you from poison.
   It protects you from negative energy.
   It affects your resistance to hostile enchantments.
   It protects you from acid and corrosion.
   It protects you from mutation.
 M - a +0 hat of see invisible
 P - the +0 pair of gloves "Kiniatt" {rN+ MP+9 Stlth+}
   (You found it on level 7 of the Lair of Beasts)

   It protects you from negative energy.
   It affects your magic capacity (+9).
   It makes you more stealthy.
 R - the +2 pair of fencer's gloves (worn) {EV+3 Dex+6 Slay+2}
   (You found it on level 4 of the Depths)

   It affects your evasion (+3).
   It affects your dexterity (+6).
   It affects your accuracy and damage with ranged weapons and melee attacks
   (+2).
 S - the +2 pair of boots "Egail" (worn) {rF+ Dex+2 Slay+2}
   (You bought it in a shop on level 2 of the Depths)

   It affects your dexterity (+2).
   It affects your accuracy and damage with ranged weapons and melee attacks
   (+2).
   It protects you from fire.
 Y - a +2 hat of magic resistance
Jewellery
 g - an uncursed ring of protection from cold
 t - the ring "Inopraych" (right hand) {rPois MR+ Int-2 Slay+2}
   (You bought it in a shop on level 2 of the Orcish Mines)

   [ring of slaying]

   It affects your intelligence (-2).
   It affects your accuracy and damage with ranged weapons and melee attacks
   (+2).
   It protects you from poison.
   It affects your resistance to hostile enchantments.
 u - the ring of Scepticism (left hand) {rPois MR+ Slay+2}
   (You took it off a tengu conjurer on level 1 of the Depths)

   [ring of poison resistance]

   It affects your accuracy and damage with ranged weapons and melee attacks
   (+2).
   It protects you from poison.
   It affects your resistance to hostile enchantments.
 y - the amulet of the Sky (around neck) {rMut +Inv rC+ Dex+3}
   (You found it on level 4 of the Vaults)

   [amulet of resist mutation]

   It protects you from mutation.
   It affects your dexterity (+3).
   It protects you from cold.
   It lets you turn invisible.
 L - an uncursed amulet of stasis
 T - an uncursed ring of protection from fire
Magical devices
 r - a wand of disintegration (11)
 B - a wand of random effects (27)
 E - a wand of digging (8)
 X - a wand of teleportation (3)
Scrolls
 c - 8 scrolls of fear
 f - 4 scrolls of holy word
 j - 3 scrolls of enchant armour
 m - 14 scrolls of remove curse
 n - 15 scrolls of identify
 p - 13 scrolls of recharging
 A - 8 scrolls of blinking
 C - 6 scrolls of magic mapping
 O - 2 scrolls of summoning
 Q - 12 scrolls of teleportation
Potions
 e - 4 potions of might
 i - 23 potions of curing
 v - a potion of agility
 x - 9 potions of haste
 z - 13 potions of restore abilities
 G - 2 potions of resistance
 J - a potion of invisibility
Comestibles
 b - 4 fruits
 d - 31 bread rations
 o - 24 meat rations
 w - 16 slices of pizza
 K - 4 chunks of flesh


   Skills:
 + Level 25.7 Fighting
 O Level 27 Long Blades
 + Level 18.1 Armour
 + Level 10.4 Dodging
 + Level 3.7 Stealth
 O Level 27 Shields
 + Level 2.8 Invocations


You had 24 spell levels left.
You didn't know any spells.

Dungeon Overview and Level Annotations

Branches:
Dungeon (15/15)            Temple (1/1) D:4            Lair (8/8) D:10
 Shoals (5/5) Lair:3        Snake (5/5) Lair:4        Slime (0/6) Lair:6
    Orc (4/4) D:9             Elf (3/3) Orc:4        Vaults (5/5) D:13
  Crypt (0/3) Vaults:3     Depths (5/5) D:15            Zot (0/5) Depths:5

Altars:
Ashenzari
Cheibriados
Dithmenos
Elyvilon
Fedhas
Gozag
Kikubaaqudgha
Makhleb
Nemelex Xobeh
Okawaru
Qazlal
Sif Muna
Trog
Vehumet
Xom
Yredelemnul
Zin
The Shining One
Jiyva
Lugonu

Shops:
D:4 :   D:5 *   Orc:2 =   Orc:3 ?%[*=   Orc:4 (:[*   Elf:1 }   Shoals:5 ![(}*
Snake:1 *   Snake:3 (   Snake:4 :   Vaults:1 =(*[   Vaults:2 %   Vaults:5 *
Depths:2 [[%

Portals:
Hell: Depths:1 Depths:2 Depths:3 Depths:4 Depths:5
Abyss: Depths:4
Pandemonium: Depths:3
Ziggurat: Depths:4

Annotations:
Elf:2 1 runed door


Innate Abilities, Weirdness & Mutations

You reflexively headbutt those who attack you in melee.
You have a pair of horns on your head.


Message History

You block the ettin zombie's attack. The ettin zombie completely misses you.
Unknown command.
You slash the tengu reaver!
You kill the tengu reaver!
Okawaru accepts your kill.
The battlesphere dissipates.
Unknown command.
Items here: ) [[ † a war axe; a ring mail; a buckler; a tengu corpse You butcher the tengu corpse.
You block the ettin zombie's attack.
The ettin zombie hits you with a dire flail!
* * * LOW HITPOINT WARNING * * *
Items here: % ) [[ a war axe; a ring mail; a buckler; 3 chunks of flesh Eat one of 5 chunks of flesh? (ye/n/q/i?) This raw flesh tastes terrible.
You are feeling hungry.
You block the ettin zombie's attack.
The ettin zombie hits you with a dire flail!!
You die...

#...#...## ##:.##
#....############****
#..............,,,,,,
#..............,,,,,,
#.............,,,,,,,
#.............,,,,,,,
#....#########*******
#...[....§....,,,,,,,
#..#@.........,,,,,,,
#..#)Z).....?.,,,,,,,
#..#..#######********
#.,#....,,,,,,,,,,,,,
#.,#......,,,,,,,,,,,
*,,#..#####**********
*,,#..#,,,,,,,,,,,,,,
*,,#..#,,,,,,,,,,,,,,
*,,#..#**************


You could see an ettin zombie.

Vanquished Creatures
  Boris (Vaults:5)
  Sojobo (Depths:2)
  Norris (Snake:3)
  Saint Roka (Snake:3)
  3 golden dragons
  Xtahua (Vaults:3)
  the Enchantress (Depths:2)
  2 bone dragons
  Nikola (Shoals:2)
  3 tentacled monstrosities (Depths:4)
  2 deep elf blademasters (Elf:3)
  2 deep elf master archers (Elf:3)
  4 liches
  Polyphemus (Shoals:2)
  A quicksilver dragon (Depths:4)
  4 krakens
  Rupert (Snake:3)
  Agnes (Snake:3)
  An ancient champion (Depths:2)
  6 shadow dragons
  7 sphinxes
  10 tengu reavers
  4 storm dragons
  Roxanne (D:15)
  Ilsuiw (Shoals:5)
  17 greater nagas
  Donald (Orc:4)
  13 fire giants
  10 frost giants
  14 vault wardens
  Aizul (Shoals:3)
  Louise (Shoals:5)
  3 iron dragons (Depths:4)
  9 deep elf sorcerers
  An orc warlord (Orc:4)
  Gastronok (D:8)
  2 emperor scorpions
  4 spriggan defenders
  Jorgrun (Vaults:2)
  A draconian shifter (Depths:5)
  7 ironheart preservers
  12 very ugly things
  2 grey draconians (Depths:5)
  2 green draconians (Depths:5)
  26 stone giants
  9 vampire knights
  9 deep elf annihilators
  2 white draconians (Depths:5)
  3 dire elephants
  7 deep elf demonologists
  2 pale draconians (Depths:5)
  A yellow draconian (Depths:5)
  A mottled draconian (Depths:5)
  11 merfolk javelineers
  A very ugly thing zombie (Depths:1)
  Snorg (Snake:4)
  A quicksilver dragon zombie (Depths:1)
  5 deep elf death magi
  7 crystal guardians
  10 great orbs of eyes
  8 minotaurs
  12 ettins
  7 merfolk impalers
  34 vault guards
  Josephine (D:13)
  22 yaktaur captains
  12 fire dragons
  4 deep elf high priests (Elf:3)
  4 rakshasas
  Fannar (D:11)
  9 ice dragons
  7 hydras
  15 naga warriors
  11 ogre magi
  12 centaur warriors
  3 merfolk avatars
  3 large abominations
  Erica (D:12)
  18 anacondas
  4 spriggan air magi
  6 merfolk aquamancers
  22 dancing weapons
  An alligator snapping turtle (Shoals:5)
  3 catoblepae
  2 hell beasts
  9 deep troll shamans
  9 deep troll earth magi
  3 vampire magi
  A death knight (Depths:2)
  6 shock serpents
  4 tengu warriors
  2 satyrs (Shoals:4)
  3 death yaks
  7 naga sharpshooters
  A storm dragon zombie (Depths:1)
  2 thrashing horrors (Abyss:1)
  4 spriggan berserkers
  2 spriggans (Depths:2)
  8 orc high priests
  An ice devil (IceCv)
  2 wretched stars (Abyss:1)
  A fire crab (Vaults:1)
  4 iron trolls
  26 sea snakes
  Erolcha (Orc:1)
  A spectral yaktaur (Depths:1)
  A salamander mystic (Depths:1)
  3 shadow wraiths
  28 deep elf knights
  2 unseen horrors
  7 skeletal warriors
  A golden dragon zombie (Depths:1)
  A sun demon (Abyss:1)
  A death drake (shapeshifter) (Depths:4)
  16 deep trolls
  9 hell knights
  14 hill giants
  3 giant orange brains
  A sea snake (shapeshifter) (Depths:4)
  A tengu zombie (Depths:1)
  5 deep elf summoners
  5 flayed ghosts
  A golden dragon skeleton (Abyss:1)
  3 ice statues (IceCv)
  A harpy (shapeshifter) (Vaults:4)
  A lindwurm (Lair:7)
  6 naga ritualists
  9 necromancers
  2 orb spiders (shapeshifter)
  13 orc knights
  9 ironbrand convokers
  4 mana vipers
  23 deep elf conjurers
  An ugly thing zombie (Depths:1)
  3 hornets
  41 ugly things
  9 orc sorcerers
  A sphinx zombie (Vaults:5)
  17 manticores
  A frost giant zombie (Depths:2)
  5 wolf spiders
  9 salamanders
  7 water nymphs
  20 fauns
  10 cyclopes
  37 harpies
  A cyclops (shapeshifter) (D:15)
  A moth of wrath (shapeshifter) (Depths:4)
  3 wizards
  2 phantasmal warriors
  11 griffons
  2 fauns (shapeshifter)
  An iron dragon skeleton (Abyss:1)
  2 stone giant skeletons
  2 rust devils
  Maurice (Orc:4)
  A fire giant skeleton (Depths:1)
  Joseph (Orc:4)
  7 elephants (Lair:7)
  A black mamba (shapeshifter) (Vaults:4)
  10 sirens
  2 orange demons
  A frost giant skeleton (Depths:1)
  10 guardian serpents
  8 vault sentinels
  4 smoke demons
  5 spectral swamp worms (Depths:1)
  A torpor snail (shapeshifter) (Vaults:5)
  A catoblepas zombie (Depths:1)
  24 spiny frogs
  3 yaktaur zombies
  Psyche (D:12)
  A gargoyle (D:14)
  A torpor snail (Depths:1)
  17 naga magi
  35 black mambas
  5 kobold demonologists
  An efreet (D:14)
  2 spriggan zombies
  2 emperor scorpion zombies (Depths:1)
  A fire drake (Lair:5)
  4 komodo dragons
  2 red devils
  54 yaktaurs
  A hellwing (Vaults:3)
  11 starcursed masses
  An ancient zyme (Abyss:1)
  2 human skeletons
  4 freezing wraiths
  21 deep elf priests
  11 blue devils
  3 wind drakes
  A tengu conjurer (Depths:1)
  10 trolls
  5 giant leeches (Lair:8)
  Sonja (D:13)
  25 merfolk
  3 polar bears
  A two-headed ogre (shapeshifter) (Vaults:2)
  A sphinx simulacrum (Vaults:3)
  5 ravens (Depths:1)
  15 two-headed ogres
  Prince Ribbit (D:8)
  2 raiju (Abyss:1)
  20 blink frogs
  2 deep troll zombies
  A trapdoor spider zombie (D:11)
  19 slime creatures
  A fire dragon zombie (Depths:1)
  3 boulder beetles
  A jumping spider (shapeshifter) (Depths:1)
  A human simulacrum (Vaults:1)
  A vampire (Depths:3)
  An ettin zombie (Vaults:4)
  3 basilisks
  2 redbacks (Vaults:4)
  A slime creature (shapeshifter) (Vaults:5)
  13 snapping turtles
  41 yaks
  An ice dragon skeleton (Depths:1)
  A spriggan (shapeshifter) (Vaults:1)
  3 trapdoor spiders
  A redback (shapeshifter) (Vaults:4)
  A trapdoor spider (shapeshifter) (Depths:3)
  12 water elementals
  5 wyverns
  2 air elementals (Depths:3)
  2 chaos spawn
  4 shadows
  2 spriggan skeletons (Depths:1)
  A yak (shapeshifter) (Depths:2)
  6 wraiths
  4 mottled dragons
  38 deep elf fighters
  26 deep elf magi
  A ynoxinul (Abyss:1)
  A golden eye (shapeshifter) (Depths:1)
  13 vampire mosquitoes
  2 hungry ghosts
  A harpy simulacrum (D:11)
  73 nagas
  17 hippogriffs
  11 wolves
  A soldier ant (D:13)
  Menkaure (D:6)
  4 wargs
  4 small abominations
  2 ogre zombies
  26 water moccasins
  An ogre skeleton (Depths:1)
  A black bear (Lair:1)
  3 phantoms
  7 spiders (Lair:6)
  An eye of draining (shapeshifter) (Vaults:3)
  5 sky beasts
  13 porcupines
  3 wasps
  9 ice beasts
  2 eyes of draining
  55 orc warriors
  2 necrophages
  A boring beetle (Lair:8)
  17 centaurs
  8 boggarts
  42 ogres
  11 crocodiles
  12 big kobolds
  An earth elemental (Abyss:1)
  Blork the orc (D:6)
  3 elf zombies
  A gnoll sergeant (D:9)
  A wyvern zombie (D:13)
  42 giant frogs
  A yaktaur skeleton (Depths:1)
  7 scorpions
  16 killer bees
  4 wights (D:10)
  A troll zombie (Depths:2)
  5 electric eels
  2 goliath beetles (D:7)
  A giant frog zombie (D:10)
  8 crimson imps
  30 orc priests
  12 hounds
  8 jellies
  7 quasits
  4 centaur zombies
  4 draconian simulacra (IceCv)
  7 human zombies
  8 centaur skeletons
  9 iguanas
  A giant frog skeleton (D:11)
  Natasha (thrice) (D:4)
  48 orc wizards
  8 worker ants
  5 hell rats
  48 sheep
  2 big kobold zombies (Ossuary)
  2 troll simulacra (IceCv)
  3 centaur simulacra (IceCv)
  2 hound skeletons
  3 mummies (Ossuary)
  2 worker ant zombies
  10 gnolls
  A naga simulacrum (IceCv)
  30 adders
  50 river rats
  2 shadow imps
  2 giant mites
  16 white imps
  6 worms
  2 giant eyeballs (Depths:2)
  3 ufetubi (Depths:3)
  4 adder zombies (Ossuary)
  An adder skeleton (D:5)
  4 giant geckos
  An ooze (D:1)
  210 orcs
  17 bats
  A bat skeleton (D:5)
  8 giant cockroaches
  32 hobgoblins
  15 jackals
  25 kobolds
  21 quokkas
  2 ball pythons
  6 giant newts
  A gnoll zombie (Ossuary)
  15 goblins
  4 goblin zombies (Ossuary)
  5 hobgoblin zombies (Ossuary)
  2 jackal zombies
  2 kobold zombies (Ossuary)
  11 orc zombies
  2 quokka skeletons
  3 quokka zombies (Ossuary)
  21 rats
  5 rat zombies (Ossuary)
  4 ballistomycetes
  4 fungi
  10 plants
  A tentacle (Shoals:5)
2702 creatures vanquished.

Vanquished Creatures (others)
  A fire giant (Depths:5)
  A deep elf high priest (Elf:3)
  A deep elf knight (Elf:3)
  A necromancer (Depths:1)
  A centaur skeleton (D:15)
  A yaktaur zombie (Vaults:1)
  A slime creature (D:15)
  A deep elf fighter (Elf:1)
  A human zombie (Depths:1)
  5 boggarts
  2 lost souls
  An orc wizard (Orc:4)
  2 giant spores
  An orc zombie (Depths:2)
  11 fungi
  13 plants
  20 tentacles
  160 tentacle segments
224 creatures vanquished.

Grand Total: 2926 creatures vanquished

Notes
Turn   | Place    | Note
--------------------------------------------------------------
     0 | D:1      | Peloso, the Minotaur Fighter, began the quest for the Orb.
     0 | D:1      | Reached XP level 1. HP: 19/19 MP: 1/1
   179 | D:1      | Reached XP level 2. HP: 27/27 MP: 1/1
   403 | D:1      | Reached skill level 4 in Fighting
   707 | D:2      | Reached XP level 3. HP: 33/33 MP: 2/2
   776 | D:2      | Reached skill level 1 in Dodging
   787 | D:2      | Found a stormy altar of Qazlal.
   791 | D:2      | Found an iron altar of Okawaru.
   792 | D:2      | Found a glowing silver altar of Zin.
   805 | D:2      | Became a worshipper of Warmaster Okawaru
   822 | D:2      | Found a shimmering altar of Xom.
   826 | D:2      | Found a glowing golden altar of the Shining One.
   921 | D:2      | Reached XP level 4. HP: 36/40 MP: 2/2
  1112 | D:2      | Found a bloodstained altar of Trog.
  1930 | D:4      | Noticed Natasha
  1938 | D:4      | Killed Natasha
  1938 | D:4      | Reached XP level 5. HP: 41/47 MP: 2/2
  1957 | D:4      | Noticed Natasha
  1961 | D:4      | Killed Natasha
  2078 | D:4      | Found Puirgh's Book Shop.
  2102 | D:4      | Reached skill level 5 in Armour
  2195 | D:4      | Reached skill level 5 in Shields
  2195 | D:4      | Reached XP level 6. HP: 37/53 MP: 1/3
  2216 | D:4      | Noticed Natasha
  2221 | D:4      | Killed Natasha
  2300 | D:4      | Acquired Okawaru's first power
  2365 | D:4      | Got a warped plate armour
  2382 | D:4      | Identified the +10 plate armour "Totom" {Regen+ MP-9 Str+7 Int+2} (You found it on level 4 of the Dungeon)
  2460 | D:4      | Found a staircase to the Ecumenical Temple.
  2469 | D:4      | Noticed an ice beast
  2474 | D:4      | Killed an ice beast
  2484 | D:4      | Reached skill level 5 in Fighting
  2562 | Temple   | Entered the Ecumenical Temple
  2742 | D:5      | Entered Level 5 of the Dungeon
  2855 | D:5      | Found Plog's Assorted Antiques.
  2950 | D:5      | Reached XP level 7. HP: 61/61 MP: 0/3
  3009 | D:5      | Reached skill level 5 in Long Blades
  3092 | D:5      | Reached skill level 6 in Shields
  3261 | D:5      | Found a sand-covered staircase.
  3269 | Ossuary  | Entered an ossuary
  3362 | Ossuary  | Reached XP level 8. HP: 68/70 MP: 0/3
  3892 | D:6      | Reached skill level 7 in Shields
  3915 | D:6      | Found a radiant altar of Vehumet.
  4163 | D:6      | Noticed Blork the orc
  4175 | D:6      | Killed Blork the orc
  4220 | D:6      | Got an ancient leather armour
  4231 | D:6      | Identified the +0 leather armour of Watchfulness {rF+ rC+ MR++} (You found it on level 6 of the Dungeon)
  4496 | D:6      | Noticed Menkaure
  4500 | D:6      | Killed Menkaure
  4500 | D:6      | Reached skill level 8 in Shields
  4618 | D:7      | Reached XP level 9. HP: 54/79 MP: 4/4
  4968 | D:7      | Reached skill level 9 in Shields
  5390 | D:8      | Noticed Gastronok
  5621 | D:8      | Killed Gastronok
  5621 | D:8      | Acquired Okawaru's second power
  5621 | D:8      | Reached skill level 10 in Shields
  5621 | D:8      | Reached XP level 10. HP: 63/88 MP: 3/4
  6035 | D:8      | Noticed Prince Ribbit
  6039 | D:8      | Killed Prince Ribbit
  6387 | D:8      | Reached skill level 10 in Long Blades
  6510 | D:8      | Reached skill level 1 in Invocations
  6573 | D:8      | Noticed a two-headed hydra
  6576 | D:8      | Killed a one-headed hydra
  6580 | D:8      | Received a gift from Okawaru
  6585 | D:8      | Got a twisted scimitar {god gift}
  6590 | D:8      | Identified the +1 scimitar of Somewhere Else {flame, MP+9} (Okawaru gifted it to you on level 8 of the Dungeon)
  6921 | D:9      | Reached skill level 11 in Shields
  6926 | D:9      | Found a staircase to the Orcish Mines.
  7402 | D:10     | Entered Level 10 of the Dungeon
  7553 | D:10     | Reached XP level 11. HP: 94/97 MP: 6/6
  7610 | D:11     | Noticed a six-headed hydra
  7626 | D:11     | Received a gift from Okawaru
  7630 | D:11     | Killed a three-headed hydra
  7996 | D:10     | Killed an unseen horror
  7996 | D:10     | Reached skill level 12 in Shields
  8015 | D:10     | Found a staircase to the Lair.
  8067 | D:10     | Noticed a hill giant
  8075 | D:10     | Killed a hill giant
  8135 | D:10     | Reached skill level 10 in Fighting
  8250 | D:10     | Received a gift from Okawaru
  8739 | D:11     | Reached skill level 13 in Shields
  8767 | D:11     | Noticed a hill giant
  8776 | D:11     | Killed a hill giant
  8841 | D:11     | Reached skill level 5 in Dodging
  8961 | D:11     | Reached skill level 10 in Armour
  8985 | D:11     | Reached XP level 12. HP: 99/108 MP: 0/8
  9129 | D:11     | Noticed Fannar
  9155 | D:11     | Killed Fannar
  9717 | D:12     | Reached skill level 1 in Stealth
  9718 | D:12     | Noticed Psyche
  9722 | D:12     | Received a gift from Okawaru
  9740 | D:12     | Killed Psyche
 10267 | D:12     | Reached skill level 14 in Shields
 10347 | D:12     | Found an opulent altar of Gozag.
 10353 | D:12     | Noticed Erica
 10366 | D:12     | Killed Erica
 11049 | Temple   | Identified a scroll of acquirement
 11418 | D:13     | Noticed a great orb of eyes
 11431 | D:13     | Killed a great orb of eyes
 11481 | D:13     | Noticed a vault guard
 11491 | D:13     | Killed a vault guard
 11515 | D:13     | Found a gate to the Vaults.
 11558 | D:13     | Noticed Sonja
 11562 | D:13     | Killed Sonja
 11562 | D:13     | Reached XP level 13. HP: 116/116 MP: 0/9
 11646 | D:13     | Noticed a vault guard
 11654 | D:13     | Killed a vault guard
 11664 | D:13     | Found a portal to a secret trove of treasure.
 11725 | D:13     | Found a labyrinth entrance.
 11753 | Lab      | Entered a labyrinth
 12022 | Lab      | Identified Wiosominn's Grimoire of Curses
 12027 | Lab      | Identified Breed's Papyrus of the Birds and Arcane Weapons
 12335 | D:13     | Noticed a centaur warrior
 12352 | D:13     | Received a gift from Okawaru
 12360 | D:13     | Killed a centaur warrior
 12707 | D:13     | Noticed Josephine
 12717 | D:13     | Killed Josephine
 12717 | D:13     | Reached skill level 15 in Shields
 12815 | D:13     | Noticed a centaur warrior
 12826 | D:13     | Killed a centaur warrior
 12826 | D:13     | Reached skill level 15 in Long Blades
 13602 | Orc:1    | Entered Level 1 of the Orcish Mines
 13642 | Orc:1    | Received a gift from Okawaru
 13811 | Orc:1    | Noticed Erolcha
 13824 | Orc:1    | Killed Erolcha
 14426 | Orc:2    | Found a frozen archway.
 14467 | IceCv    | Entered an ice cave
 15011 | Orc:2    | Found Urikuet's Jewellery Boutique.
 15178 | Orc:3    | Found Mabruryrch's Magic Scroll Shop.
 15181 | Orc:3    | Found Ketuemp's Armour Shop.
 15190 | Orc:3    | Found Qyuhaum's General Store.
 15191 | Orc:3    | Bought a +2 pair of boots of flying for 301 gold pieces
 15218 | Orc:3    | Found a dark tunnel.
 15230 | Volcano  | Entered a volcano
 15635 | Orc:4    | Entered Level 4 of the Orcish Mines
 15640 | Orc:4    | Noticed Maurice
 15651 | Orc:4    | Killed Maurice
 16089 | Orc:4    | Received a gift from Okawaru
 16101 | Orc:4    | Noticed Joseph
 16111 | Orc:4    | Killed Joseph
 16130 | Orc:4    | Got a slimy ring mail {god gift}
 16155 | Orc:4    | Identified the +4 ring mail of Decompression {rN+ Int-5 Stlth+} (Okawaru gifted it to you on level 4 of the Orcish Mines)
 16155 | Orc:4    | Lost intelligence.
 16210 | Orc:4    | Found a staircase to the Elven Halls.
 16413 | Orc:4    | Noticed an orc warlord
 16424 | Orc:4    | Killed an orc warlord
 16424 | Orc:4    | Reached skill level 16 in Shields
 16424 | Orc:4    | Reached XP level 14. HP: 71/127 MP: 0/9
 16823 | Orc:4    | Found Kleff's Antique Armour Boutique.
 16825 | Orc:4    | Found Tweil's Antique Weapon Shop.
 16827 | Orc:4    | Found Tegujem's General Store.
 16827 | Orc:4    | Found Gipog's Book Boutique.
 17018 | Orc:4    | Noticed Donald
 17040 | Orc:4    | Killed Donald
 17175 | Elf:1    | Entered Level 1 of the Elven Halls
 17378 | Elf:1    | Got a shimmering robe
 17736 | Elf:1    | Identified the Catalogue of Confrontation
 17743 | Elf:1    | Received a gift from Okawaru
 17919 | Elf:1    | Found Qieck's Gadget Boutique.
 18031 | Elf:1    | Gained mutation: Your mind is acute. (Int +2) [potion of beneficial mutation]
 18565 | Orc:3    | Found Fapsah's Food Shoppe.
 18779 | Orc:3    | Found Wirarin's Jewellery Emporium.
 19128 | Lair:1   | Entered Level 1 of the Lair of Beasts
 20303 | Lair:2   | Identified the cursed -4 robe of Geng {MR+ Dex+4} (You found it on level 1 of the Elven Halls)
 20362 | Lair:2   | Reached skill level 17 in Long Blades
 21008 | Lair:3   | Found a staircase to the Shoals.
 21835 | Lair:4   | Found a staircase to the Snake Pit.
 22061 | Lair:4   | Received a gift from Okawaru
 22064 | Lair:4   | Got an ancient chain mail {god gift}
 22075 | Lair:4   | Identified the +4 chain mail of Cuur {Int+8 Dex-3} (Okawaru gifted it to you on level 4 of the Lair of Beasts)
 22697 | Lair:5   | Reached XP level 15. HP: 105/137 MP: 1/10
 23542 | Lair:6   | Found a hole to the Spider Nest.
 23664 | Lair:6   | Found a viscous altar of Jiyva.
 23665 | Lair:6   | Found a staircase to the Slime Pits.
 25398 | Lair:7   | Got a pair of jewelled gloves
 25415 | Lair:7   | Identified the +0 pair of gloves "Kiniatt" {rN+ MP+9 Stlth+} (You found it on level 7 of the Lair of Beasts)
 25695 | Lair:7   | Got a twisted dagger
 25696 | Lair:7   | Identified the +8 dagger of Light {freeze, *Rage +Inv Str+3 Int+4 Dex-4} (You found it on level 7 of the Lair of Beasts)
 26007 | D:13     | You paid a toll of a +5 demon blade to enter a treasure trove
 26008 | Trove    | Entered a treasure trove
 26020 | Trove    | Identified Grem Imm's Guide on Boosts
 26024 | Trove    | Identified Sif Muna's Catalogue of the Helpful Compass
 26283 | D:14     | Received a gift from Okawaru
 26283 | D:14     | Reached skill level 18 in Long Blades
 26619 | D:15     | Entered Level 15 of the Dungeon
 26703 | D:15     | Found a staircase to the Depths.
 27023 | D:15     | Noticed Roxanne
 27044 | D:15     | Killed Roxanne
 28455 | Lair:8   | Entered Level 8 of the Lair of Beasts
 29039 | Lair:8   | Reached XP level 16. HP: 143/147 MP: 11/11
 29313 | Lair:8   | Got a crystal hand axe
 29363 | Lair:8   | Received a gift from Okawaru
 29366 | Lair:8   | Got a jewelled great sword {god gift}
 29532 | Lair:8   | Identified the +7 hand axe "Leviticus" {vamp, rElec} (You found it on level 8 of the Lair of Beasts)
 29538 | Lair:8   | Identified the +6 great sword of the Sky {slice, MP+9 Str+2} (Okawaru gifted it to you on level 8 of the Lair of Beasts)
 30450 | Snake:1  | Entered Level 1 of the Snake Pit
 30594 | Snake:1  | Reached skill level 19 in Long Blades
 30815 | Snake:1  | Got a smoking demon whip
 30856 | Snake:1  | Identified the +11 demon whip "Duoczace" {drain, rElec Str+5 Dex+3} (You found it on level 1 of the Snake Pit)
 30967 | Snake:1  | Reached skill level 15 in Fighting
 31069 | Snake:1  | Received a gift from Okawaru
 31082 | Snake:1  | Got a brightly glowing scale mail {god gift}
 31265 | Snake:1  | Found a white marble altar of Elyvilon.
 31275 | Snake:1  | Found Plealouj's General Store.
 32414 | Snake:3  | Noticed Agnes
 32423 | Snake:3  | Killed Agnes
 32479 | Snake:3  | Noticed Saint Roka
 32507 | Snake:3  | Killed Saint Roka
 32932 | Snake:3  | Noticed Norris
 32933 | Snake:3  | Noticed Rupert
 32948 | Snake:3  | Paralysed by Norris for 3 turns
 32958 | Snake:3  | Killed Norris
 32958 | Snake:3  | Reached skill level 20 in Long Blades
 32971 | Snake:3  | Killed Rupert
 33074 | Snake:3  | Found Niraifer's Antique Weapon Boutique.
 33129 | Snake:3  | Reached XP level 17. HP: 156/156 MP: 11/11
 33303 | Snake:4  | Noticed Snorg
 33314 | Snake:4  | Killed Snorg
 33314 | Snake:4  | Received a gift from Okawaru
 33351 | Snake:4  | Found Plog's Book Emporium.
 34361 | Snake:5  | Entered Level 5 of the Snake Pit
 34387 | Snake:5  | Received a gift from Okawaru
 34645 | Snake:5  | Got a warped hat {god gift}
 34651 | Snake:5  | Identified the +0 hat "Kuxoag" {rCorr Int+4} (Okawaru gifted it to you on level 5 of the Snake Pit)
 35088 | Snake:5  | Reached skill level 21 in Long Blades
 35362 | Snake:5  | Received a gift from Okawaru
 35645 | Snake:5  | Reached XP level 18. HP: 78/168 MP: 13/13
 36080 | Snake:5  | Got a serpentine rune of Zot
 36388 | Shoals:1 | Entered Level 1 of the Shoals
 36408 | Shoals:1 | Identified the +0 scale mail of the Present {rPois rF- MR+ Slay+3 SInv} (Okawaru gifted it to you on level 1 of the Snake Pit)
 36448 | Shoals:1 | Received a gift from Okawaru
 36847 | Shoals:1 | Received a gift from Okawaru
 37225 | Shoals:2 | Noticed Polyphemus
 37263 | Shoals:2 | Killed Polyphemus
 37455 | Shoals:2 | Received a gift from Okawaru
 37754 | Shoals:2 | Noticed Nikola
 37766 | Shoals:2 | Killed Nikola
 39165 | Shoals:3 | Reached skill level 22 in Long Blades
 39566 | Shoals:3 | Noticed Aizul
 39579 | Shoals:3 | Killed Aizul
 39990 | Shoals:4 | Received a gift from Okawaru
 40185 | Shoals:4 | Got an uncursed slimy hand axe {flame}
 41172 | Shoals:5 | Entered Level 5 of the Shoals
 41176 | Shoals:5 | Reached XP level 19. HP: 177/177 MP: 13/13
 41336 | Shoals:5 | Noticed Louise
 41337 | Shoals:5 | Found Mnasuf's Antique Weapon Emporium.
 41450 | Shoals:5 | Cast into the Abyss (Louise)
 41455 | Shoals:5 | Escaped the Abyss
 41463 | Shoals:5 | Killed Louise
 41466 | Shoals:5 | Got an ichor-stained scimitar {elec}
 41576 | Shoals:5 | Found Skyomn's Armour Emporium.
 41595 | Shoals:5 | Found Qaafri's Distillery.
 41609 | Shoals:5 | Bought a potion of heal wounds for 105 gold pieces
 41609 | Shoals:5 | Bought a potion of heal wounds for 105 gold pieces
 41633 | Shoals:5 | Noticed Ilsuiw
 41644 | Shoals:5 | Killed Ilsuiw
 41976 | Shoals:5 | Got a barnacled rune of Zot
 41997 | Shoals:5 | Found Zajona's Gadget Boutique.
 42072 | Shoals:5 | Found Woitsoas' General Store.
 42257 | Shoals:5 | Got a smoking ring mail
 43537 | Temple   | Identified the +9 scimitar "Nobrem" {elec, rPois rF- Str+2 Int+2} (You took it off Louise on level 5 of the Shoals)
 43541 | Temple   | Identified the +9 hand axe of Severance {flame, Str+4 Dex+2} (You took it off a centaur on level 4 of the Shoals)
 43554 | Temple   | Identified the +0 ring mail "Seticlun" {rC+} (You found it on level 5 of the Shoals)
 43973 | Orc:3    | Bought a scroll of magic mapping for 52 gold pieces
 44190 | Elf:2    | Found a runed door.
 44214 | Elf:2    | Reached skill level 15 in Armour
 44218 | Elf:2    | Found a runed door.
 44252 | Elf:2    | Received a gift from Okawaru
 44255 | Elf:2    | Got a heavily runed cloak {god gift}
 44266 | Elf:2    | Identified the +0 cloak of Kliqes {rPois Dex+2} (Okawaru gifted it to you on level 2 of the Elven Halls)
 44580 | Elf:2    | Reached skill level 23 in Long Blades
 45186 | Elf:3    | Entered Level 3 of the Elven Halls
 45894 | Elf:3    | Reached XP level 20. HP: 172/188 MP: 13/13
 46546 | Elf:3    | Got an iridescent rapier
 46645 | Elf:3    | Got a shimmering whip
 46662 | Elf:3    | Identified the +10 whip "Klamig" {slash, +Inv rElec Int+3} (You took it off a deep elf demonologist on level 3 of the Elven Halls)
 46663 | Elf:3    | Identified the +9 rapier of the Original Sin {holy, rF- rN+ Dex+5} (You took it off a deep elf demonologist on level 3 of the Elven Halls)
 46757 | Elf:3    | Received a gift from Okawaru
 47154 | Elf:3    | Reached skill level 24 in Long Blades
 47733 | Elf:3    | Identified Deiteoz's Tome of Execration
 47811 | Elf:3    | Got a scorched hand axe
 47812 | Elf:3    | Identified the cursed +2 hand axe of the Common Good {freeze, *Rage MR- Dex+7} (You took it off a deep elf annihilator on level 3 of the Elven Halls)
 47832 | Elf:3    | Identified the Compendium of Cankerous Creation (You found it on level 3 of the Elven Halls)
 48254 | Orc:2    | Bought the ring "Inopraych" {rPois MR+ Int-2 Slay+2} for 336 gold pieces
 49375 | Depths:1 | Entered Level 1 of the Depths
 49490 | Depths:1 | Found a gateway to Hell.
 49826 | Depths:1 | Received a gift from Okawaru
 49830 | Depths:1 | Got a scorched large shield {god gift}
 49953 | Depths:1 | Reached XP level 21. HP: 139/199 MP: 15/15
 49981 | Depths:1 | Got a slimy turquoise ring
 50045 | Depths:1 | Identified the -3 large shield of the Original Sin {rN+ Regen+} (Okawaru gifted it to you on level 1 of the Depths)
 50433 | Depths:1 | Reached skill level 25 in Long Blades
 50685 | Depths:1 | Identified the ring of Scepticism {rPois MR+ Slay+2} (You took it off a tengu conjurer on level 1 of the Depths)
 50822 | Depths:1 | Received a gift from Okawaru
 51080 | Depths:1 | Identified the Disquisition on Black Rituals (You found it on level 1 of the Depths)
 51250 | Depths:2 | Got a faintly glowing halberd
 51251 | Depths:2 | Identified the +10 halberd of Pnutwuenn {drain, Stlth+} (You found it on level 2 of the Depths)
 51286 | Depths:2 | Got a faintly glowing tin ring
 51291 | Depths:2 | Identified the ring "Clyagon" {Fire rElec} (You took it off a vampire mage on level 2 of the Depths)
 51377 | Depths:2 | Noticed the Enchantress
 51421 | Depths:2 | Cast into the Abyss (the Enchantress)
 51461 | Abyss:1  | Found a shimmering altar of Xom.
 52032 | Depths:2 | Escaped the Abyss
 52067 | Depths:2 | Killed the Enchantress
 52069 | Depths:2 | Got a faerie dragon armour
 52073 | Depths:2 | Got a shimmering ivory ring
 52083 | Depths:2 | Identified the ring "Cliah" {SustAb MR- Int+3} (You found it on level 2 of the Depths)
 52100 | Depths:2 | Identified the +7 faerie dragon armour {rPois rN+} (You took it off the Enchantress on level 2 of the Depths)
 52158 | Depths:2 | Received a gift from Okawaru
 52184 | Depths:2 | Got a crystal scimitar {god gift}
 52189 | Depths:2 | Identified the +8 scimitar of Plaepp {freeze, +Fly rC+ rN+ Str+3 Dex-3} (Okawaru gifted it to you on level 2 of the Depths)
 52198 | Depths:2 | Found Plaefaku's Antique Armour Boutique.
 52352 | Depths:2 | Found Vorireus' Armour Shop.
 52384 | Depths:2 | Bought the +2 pair of boots "Egail" {rF+ Dex+2 Slay+2} for 698 gold pieces
 52460 | Depths:2 | Reached XP level 22. HP: 209/209 MP: 15/15
 52514 | Depths:2 | Got a fine marble ring
 52516 | Depths:2 | Identified the ring "Cuimyusso" {Wiz rElec rPois rC+ Str-3} (You found it on level 2 of the Depths)
 52564 | Depths:2 | Lost mutation: Your mind is acute. (Int +2) [a neqoxec]
 52631 | Depths:2 | Received a gift from Okawaru
 52748 | Depths:2 | Found Threascho's Food Shop.
 52792 | Depths:2 | Noticed Sojobo
 52809 | Depths:2 | Reached skill level 26 in Long Blades
 52828 | Depths:2 | Killed Sojobo
 53044 | Depths:2 | Got a warped marble ring
 53047 | Depths:2 | Identified the ring of the Lily {rC- rN+ Str+3 Int+8 Dex-2 Slay+2} (You found it on level 2 of the Depths)
 54501 | Depths:3 | Received a gift from Okawaru
 54552 | Depths:3 | Found a one-way gate leading to the halls of Pandemonium.
 54970 | Depths:3 | Found a runed door.
 55442 | Depths:4 | Found a gateway to a ziggurat.
 55584 | Depths:4 | Received a gift from Okawaru
 55922 | Depths:4 | Reached XP level 23. HP: 208/220 MP: 16/16
 55928 | Depths:4 | Received a gift from Okawaru
 56211 | Depths:4 | Got a brightly glowing quicksilver dragon armour
 56225 | Depths:4 | Identified the quicksilver dragon armour "Fefaj" {rPois MR+ Str+4 Int+3 Dex-2} (You found it on level 4 of the Depths)
 56499 | Depths:4 | Reached skill level 27 in Long Blades
 56709 | Depths:4 | Got a pitted glaive
 57169 | Depths:4 | Found a corrupted altar of Lugonu.
 57171 | Depths:4 | Found a one-way gate to the infinite horrors of the Abyss.
 57293 | Depths:5 | Entered Level 5 of the Depths
 57879 | Depths:5 | Received a gift from Okawaru
 58058 | Depths:5 | Found a gate to the Realm of Zot.
 59194 | Temple   | Identified the +2 glaive of Arrival {holy, rPois rN+ Str-4 Stlth+} (You found it on level 4 of the Depths)
 59588 | Vaults:1 | Entered Level 1 of the Vaults
 59843 | Vaults:1 | Received a gift from Okawaru
 60146 | Vaults:1 | Found Chuatt's Jewellery Boutique.
 60255 | Vaults:1 | Found Gozag's Antique Weapon Boutique.
 60261 | Vaults:1 | Found an opulent altar of Gozag.
 60275 | Vaults:1 | Found Gozag's Assorted Antiques.
 60338 | Vaults:1 | Reached XP level 24. HP: 156/232 MP: 18/18
 60369 | Vaults:1 | Found Gozag's Antique Armour Shop.
 60933 | Vaults:2 | Found Kikh's Food Emporium.
 60977 | Vaults:2 | Reached skill level 27 in Shields
 61086 | Vaults:2 | Noticed Jorgrun
 61095 | Vaults:2 | Killed Jorgrun
 62037 | Vaults:3 | Received a gift from Okawaru
 62372 | Vaults:3 | Noticed Xtahua
 62383 | Vaults:3 | Killed Xtahua
 62587 | Vaults:3 | Found a staircase to the Crypt.
 62587 | Vaults:3 | Found a basalt altar of Yredelemnul.
 62588 | Vaults:3 | Found an ancient bone altar of Kikubaaqudgha.
 63522 | Vaults:4 | Got a scorched sapphire amulet
 63523 | Vaults:4 | Identified the amulet of the Sky {rMut +Inv rC+ Dex+3} (You found it on level 4 of the Vaults)
 64284 | Vaults:5 | Entered Level 5 of the Vaults
 64466 | Vaults:5 | Received a gift from Okawaru
 64505 | Vaults:5 | Reached skill level 10 in Dodging
 64541 | Vaults:5 | Reached XP level 25. HP: 248/248 MP: 18/18
 64660 | Vaults:5 | Found Rona's General Store.
 64844 | Vaults:5 | Got a scorched scale mail
 64847 | Vaults:5 | Identified the +2 scale mail "Hulewnoc" {rF++ Int-4 Dex+3} (You found it on level 5 of the Vaults)
 64882 | Vaults:5 | Noticed Boris
 64927 | Vaults:5 | Killed Boris
 64927 | Vaults:5 | HP: 8/250 [tengu reaver/war axe (19)]
 64943 | Vaults:5 | Slain by an ettin zombie

Action                   |  1- 3 |  4- 6 |  7- 9 | 10-12 | 13-15 | 16-18 | 19-21 | 22-24 | 25-27 || total
-------------------------+-------+-------+-------+-------+-------+-------+-------+-------+-------++-------
Melee: Long sword        |   105 |   201 |   377 |    92 |       |       |       |       |       ||   775
       Falchion          |       |       |       |   771 |       |       |       |       |       ||   771
       Demon blade       |       |       |       |    65 |   191 |       |       |       |       ||   256
       Scimitar          |       |       |       |    47 |   105 |       |       |       |       ||   152
       Double sword      |       |       |       |       |  1604 |  1553 |  1773 |  1800 |   129 ||  6859
       Unarmed           |       |       |       |       |     7 |       |       |       |       ||     7
Invok: Heroism           |       |       |     1 |     3 |       |     1 |     6 |     4 |       ||    15
Evoke: Wand              |       |       |       |       |       |       |     2 |     1 |       ||     3
  Use: Potion            |       |     1 |       |     1 |     2 |     5 |     8 |     3 |     3 ||    23
       Scroll            |       |       |    19 |     7 |    27 |     6 |    11 |    11 |     3 ||    84
 Stab: Confused          |       |       |       |     1 |       |       |     1 |       |       ||     2
       Distracted        |       |       |       |       |     1 |       |       |       |       ||     1
       Fleeing           |       |       |       |       |       |     1 |       |       |       ||     1
       Paralysed         |       |       |       |       |       |       |       |     2 |       ||     2
  Eat: Chunk             |       |     5 |     7 |    16 |    60 |    47 |    21 |    28 |     1 ||   185
       Beef jerky        |       |     1 |       |     1 |     2 |     1 |     5 |     5 |       ||    15
       Pizza             |       |       |     1 |       |       |       |       |       |       ||     1
       Fruit             |       |       |       |     4 |     1 |       |       |     8 |       ||    13
       Royal jelly       |       |       |       |       |     1 |       |     2 |       |       ||     3
